 Dungeon Crawl Stone Soup version 0.31-a0-788-ga445dbd2db (webtiles) character file.

Game seed: 17836388298208430360

3727 GordonOverkill the Destroyer (level 9, 0/81 HPs)
             Began as a Deep Elf Delver on Sept 18, 2023.
             Was a Believer of Sif Muna.
             Slain by a killer bee (5 damage)
             ... on level 8 of the Dungeon.
             The game lasted 00:14:44 (7536 turns).

GordonOverkill the Destroyer (Deep Elf Delver)      Turns: 7536, Time: 00:14:44

Health: 0/81       AC: 13    Str:  9    XL:     9   Next: 92%
Magic:  25/25      EV: 10    Int: 20    God:    Sif Muna [**....]
Gold:   385        SH:  4    Dex: 16    Spells: 28/28 levels left

rFire   . . .        r - +2 dagger (venom)
rCold   . . .        H - +0 buckler
rNeg    . . .        y - +2 ring mail {rPois}
rPois   +            B - +0 helmet
rElec   .            (no cloak)
rCorr   .            o - +0 pair of gloves
SInv    .            (no boots)
Will    .....        (no amulet) Stlth
                     l - +4 ring of protection
HPRegen 0.33/turn    (no ring)
MPRegen 0.19/turn

%: no passive effects
@: berserking, very quick
A: no striking features
a: Renounce Religion, Channel Magic


You were on level 8 of the Dungeon.
You worshipped Sif Muna.
Sif Muna was pleased with you.
You visited 2 branches of the dungeon, and saw 9 of its levels.

You collected 385 gold pieces.

Inventory:

Hand Weapons
 a - a +0 short sword
 r - a +2 dagger of venom (weapon)
Missiles
 j - 2 atropa-tipped darts (quivered)
Armour
 i - a +2 robe of resistance
 o - a +0 pair of gloves (worn)
 y - a +2 ring mail of poison resistance (worn)
 B - a +0 helmet (worn)
 H - a +0 buckler (worn)
Magical Staves
 e - a staff of conjuration
Jewellery
 l - a +4 ring of protection (left hand)
Wands
 g - a wand of digging (1)
 w - a wand of paralysis (3)
 C - a wand of polymorph (9)
Scrolls
 b - a scroll of immolation
 c - a scroll of fog
 d - 2 scrolls of revelation
 m - a scroll of fear
 n - 2 scrolls of vulnerability
 q - a scroll of poison {unknown}
 s - a scroll of silence {unknown}
 t - 2 scrolls of teleportation {unknown}
 u - a scroll of amnesia {unknown}
 v - a scroll of blinking {unknown}
 x - a scroll of acquirement {unknown}
 E - 3 scrolls of torment {unknown}
 F - a scroll of identify
Potions
 f - 2 potions of haste
 h - 2 potions of lignification {unknown}
 k - a potion of might
 A - 2 potions of heal wounds
 D - a potion of attraction
 G - a potion of curing {unknown}


   Skills:
 - Level 5.0 Fighting
 - Level 2.0 Short Blades
 - Level 1.0 Staves
 - Level 2.4 Dodging
 - Level 6.0 Stealth
 - Level 10.0 Spellcasting
 + Level 10.0 Conjurations
 - Level 5.0 Invocations
 - Level 3.0 Evocations


You had 28 spell levels left.
You didn't know any spells.
Your spell library contained the following spells:

 Spells                   Type           Power      Damage    Failure   Level
 Momentum Strike          Conj/Tloc      60%        3d9       6%          2
 Blink                    Tloc           20%        N/A       43%         2
 Lesser Beckoning         Tloc           20%        N/A       43%         2
 Sublimation of Blood     Necr           10%        N/A       43%         2
 Wereblood                Tmut           10%        N/A       43%         2
 Summon Hydra             Summ           5%         N/A       100%        7


Dungeon Overview and Level Annotations

Branches:
Dungeon (8/15)             Temple (1/1) D:4
   Lair: D:8-11

Altars:
Elyvilon
Gozag
Hepliaklqana
Kikubaaqudgha
Makhleb
Nemelex Xobeh
Ru
Sif Muna
Trog
Uskayaw
Xom
Yredelemnul
Zin


Message History

You feel yourself moving faster!
You feel mighty! The wyvern barely misses you. The wyvern bites you!
* * * LOW HITPOINT WARNING * * *
You closely miss the wyvern. The wyvern misses you.
You barely miss the wyvern. The wyvern bites you!
* * * LOW HITPOINT WARNING * * *
You hit the wyvern.
The wyvern is lightly wounded.
The wyvern barely misses you.
You hit the wyvern.
The wyvern is poisoned.
The wyvern is moderately wounded.
The wyvern bites you!
* * * LOW HITPOINT WARNING * * *
A killer bee comes into view.
You closely miss the wyvern.
The wyvern is moderately wounded.
The killer bee buzzes angrily.
You hear an angry buzzing noise. x2
The wyvern barely misses you.
You hit the wyvern but do no damage.
The wyvern looks even sicker.
The wyvern is heavily wounded.
The wyvern bites you but does no damage.
You hit the wyvern but do no damage.
The wyvern looks as sick as possible!
The wyvern is moderately wounded.
The wyvern closely misses you.
You hit the wyvern.
The wyvern is severely wounded.
A killer bee comes into view.
The wyvern bites you but does no damage.
You hit the wyvern.
The wyvern looks as sick as possible!
The wyvern is almost dead.
A killer bee comes into view. x3
The wyvern bites you.
* * * LOW HITPOINT WARNING * * *
The killer bee stings you but does no damage.
A killer bee comes into view.
The killer bee buzzes angrily. x2
You hit the wyvern.
The wyvern is almost dead.
The wyvern closely misses you. The killer bee stings you.
You die...

###.#.. #..#....#......
...#....##..............
.##.....#..#y.y#.>........
............y..#..........
............y.y...........
#..............##.<.......
.#.............###.........
..........y................
..........@†##.............
......##...l##.............
#.....††............##....
##........#.......### ...#
##....##.#........# .##
##..####.........# #...
...!....## ###. ...#..# #.
..##


You could see a wyvern (extremely poisoned) and 6 killer bees.

Vanquished Creatures
  Pikel (D:6)
  Jeremiah (D:6)
  Sigmund (D:5)
  A steam dragon (D:6)
  Menkaure (D:5)
  An acid dragon (D:6)
  Duvessa (D:5)
  2 water moccasins
  An ice beast (D:6)
  A sky beast (D:6)
  A black bear (D:6)
  An ogre (D:6)
  A centaur (D:7)
  A kobold brigand (D:7)
  2 lemures (D:6)
  Blork the orc (D:6)
  A gnoll sergeant (D:7)
  3 bullfrogs
  3 scorpions
  4 wights (D:6)
  Dowan (D:5)
  4 killer bees (D:8)
  4 howler monkeys
  2 hounds
  An orc priest (D:4)
  2 jellies
  A sleepcap (D:4)
  6 iguanas
  2 orc wizards
  3 gnolls (D:7)
  9 adders
  A shadow imp (D:7)
  2 ufetubi
  2 worms (D:2)
  20 orcs
  7 endoplasms
  3 giant cockroaches
  9 goblins
  8 hobgoblins
  8 jackals
  3 quokkas
  8 ball pythons
  4 bats
  6 frilled lizards
  14 kobolds
  5 rats
164 creatures vanquished.

Notes
Turn   | Place    | Note
-------+----------+-------------------------------------------
     0 | D:5      | GordonOverkill the Deep Elf Delver began the quest for the
                  | Orb.
     0 | D:5      | Reached XP level 1. HP: 13/13 MP: 3/3
     1 | D:6      | Noticed Dowan
     1 | D:6      | Noticed a sky beast
    94 | D:4      | Noticed an iguana
    96 | D:4      | Noticed a sleepcap
   129 | D:4      | Reached skill level 1 in Evocations
   129 | D:4      | Reached XP level 2. HP: 10/18 MP: 4/4
   184 | D:4      | Reached XP level 3. HP: 8/22 MP: 5/5
   242 | D:4      | Reached skill level 1 in Spellcasting
   352 | D:4      | Reached XP level 4. HP: 28/28 MP: 6/8
  1082 | D:1      | Reached skill level 1 in Conjurations
  1504 | D:2      | Reached skill level 1 in Staves
  1556 | D:2      | Reached XP level 5. HP: 28/32 MP: 11/11
  2013 | D:3      | Found a hazy altar of Hepliaklqana.
  2074 | D:3      | Found a faded altar of an unknown god.
  3292 | D:4      | Reached XP level 6. HP: 11/37 MP: 14/14
  3430 | D:4      | Found a staircase to the Ecumenical Temple.
  3494 | Temple   | Entered the Ecumenical Temple
  3505 | Temple   | Became a worshipper of Sif Muna the Loreminder
  3723 | D:4      | Reached skill level 5 in Spellcasting
  4035 | D:5      | Noticed Menkaure
  4047 | D:5      | Killed Menkaure
  4050 | D:5      | Reached XP level 7. HP: 19/41 MP: 16/18
  4539 | D:5      | Noticed Sigmund
  4546 | D:5      | Killed Sigmund
  4681 | D:6      | Noticed Duvessa
  4701 | D:5      | Killed Dowan
  4705 | D:5      | Killed Duvessa
  4705 | D:5      | Reached * piety under Sif Muna
  4706 | D:5      | Reached skill level 5 in Conjurations
  4822 | D:6      | Reached XP level 8. HP: 25/48 MP: 19/19
  5277 | D:6      | Noticed Blork the orc
  5291 | D:6      | Killed Blork the orc
  5619 | D:6      | Noticed Pikel
  5644 | D:6      | Killed Pikel
  5645 | D:6      | Reached skill level 5 in Invocations
  5645 | D:6      | Reached skill level 5 in Fighting
  5645 | D:6      | Reached XP level 9. HP: 33/54 MP: 20/20
  6060 | D:6      | Noticed a +0 spear
  6060 | D:6      | Noticed a +0 dagger
  6060 | D:6      | Noticed a +0 falchion
  6060 | D:6      | Noticed a +0 spear
  6061 | D:6      | Noticed a +0 dagger
  6062 | D:6      | Noticed a +0 falchion
  6062 | D:6      | Noticed a +0 short sword
  6062 | D:6      | Noticed a +0 short sword
  6081 | D:6      | Found a hide-covered altar of Uskayaw.
  6127 | D:6      | Noticed Jeremiah
  6162 | D:6      | Killed Jeremiah
  6677 | D:7      | Reached ** piety under Sif Muna
  7133 | D:7      | Reached skill level 10 in Conjurations
  7351 | D:7      | Found an ancient bone altar of Kikubaaqudgha.
  7525 | D:8      | Reached skill level 10 in Spellcasting
  7536 | D:8      | Slain by a killer bee

Illustrated notes

Levels and vault maps discovered:
D:1:      tarquinn_simple_flora_water_d, layout_loops_ring,
          minmay_misc_feat_pillars
D:2:      layout_basic, dreamdust_princess_corridor
D:3:      layout_basic, nzn_hepliaklqana_mist_gate,
          hellmonk_ecumenical_altar_heavens_door
D:4:      cheibrodos_pilgrimage, layout_basic,
          minmay_temple_entry_drinking_statues, hangedman_decor_riveting
D:5:      layout_rooms, serial_glass, glass_columns_a, glass_columns_a,
          item_on_display_a, minmay_strange_pillars, item_on_display_a,
          uniq_menkaure, uniq_sigmund
D:6:      layout_loops_cross, nicolae_uskayaw_en_pointe,
          kennysheep_generic_room_6, uniq_pikel, uniq_blork_the_orc,
          uniq_jeremiah, uniq_duvessa
D:7:      layout_loops_corners, mainiacjoe_overflow_alcove_4
D:8:      layout_cave_pools, nicolae_ashenzari_skybound
Temple:   nicolae_temple_ecumenical_triangle

Skill      XL: |  1  2  3  4  5  6  7  8  9 |
---------------+----------------------------+-----
Evocations     | 1 3 |  3.0
Fighting       | 3 4 5 |  5.0
Spellcasting   | 1 3 4 6 10 | 10.0
Conjurations   | 1 3 5 8 10 | 10.0
Staves         | 1 |  1.0
Invocations    | 3 5 |  5.0
Short Blades   | |  2.0
Dodging        | |  2.4
Stealth        | |  6.0

Action                     |  1- 3 |  4- 6 |  7- 9 || total
---------------------------+-------+-------+-------++-------
  Melee: Short sword       |    29 |    77 |       ||   106
         Staff             |       |   129 |       ||   129
         Dagger            |       |   137 |   290 ||   427
         Punch             |       |     3 |       ||     3
  Throw: Dart              |     2 |       |       ||     2
  Evoke: Wand              |     4 |     4 |    30 ||    38
    Use: Scroll            |       |     5 |     3 ||     8
         Potion            |       |       |     2 ||     2
   Stab: Sleeping          |     1 |    18 |    11 ||    30
         Invisible         |     1 |       |     1 ||     2
         Paralysed         |       |     1 |    10 ||    11
 Armour: Leather armour    |    19 |   162 |       ||   181
         Ring mail         |       |    37 |   250 ||   287
         Robe              |       |       |     8 ||     8
  Dodge: Dodged            |    19 |   220 |   151 ||   390
  Block: Buckler           |       |       |    11 ||    11

Table legend: (Time is in decaauts)
 A = Elapsed time spent in this place.
 B = Non-inter-level travel time spent in this place.
 C = Inter-level travel time spent in this place.
 D = Time resting spent in this place.
 E = Time spent auto-exploring this place.
 F = Levels seen in this place.
 G = Mean time per level.
                   A        B        C        D        E       F      G
               +--------+--------+--------+--------+--------+-----+--------+
         Total |   7508 |   7113 |    395 |   2029 |   3277 |   9 |  834.2 |
       Dungeon |   7491 |   7101 |    390 |   2029 |   3277 |   8 |  936.4 |
        Temple |     16 |     12 |      4 |      0 |      0 |   1 |   16.0 |
               +--------+--------+--------+--------+--------+-----+--------+

Top non-repeatable levels by time:
     D:6: 1514 daAuts
     D:3: 1267 daAuts
     D:7: 1125 daAuts
     D:4: 1053 daAuts
     D:5: 923 daAuts
     D:1: 876 daAuts
     D:2: 657 daAuts
     D:8: 73 daAuts
  Temple: 16 daAuts
